 Dungeon Crawl Stone Soup version 0.28-a0-802-g09f76e8c00 (webtiles) character file.

Game seed: 12159741690050056448

412 nicknak712 the Skirmisher (level 6, -2/57 HPs)
             Began as a Minotaur Fighter on Nov 7, 2021.
             Was an Initiate of the Shining One.
             Slain by a shadow (11 damage)
             ... created by the darkness of Dithmenos
             ... on level 4 of the Dungeon.
             The game lasted 00:11:28 (3517 turns).

nicknak712 the Skirmisher (Minotaur Fighter)        Turns: 3517, Time: 00:11:30

Health: -2/57      AC:  9    Str: 21    XL:     6   Next: 59%
Magic:  14/14      EV:  9    Int:  5    God:    the Shining One [......]
Gold:   130        SH:  5    Dex: 11    Spells: 5/5 levels left

rFire   . . .      SeeInvis .   q - +2 hand axe (flame)
rCold   . . .      Faith    .   c - +0 buckler
rNeg    . . .      Spirit   .   b - +0 scale mail
rPois   .          Reflect  .   (helmet restricted)
rElec   .          Harm     .   j - +0 cloak
rCorr   .          Rampage  .   e - +0 pair of gloves
Will    .....                   (no boots)
Stlth   ..........              (no amulet)
HPRegen 0.19/turn               f - ring of magical power
MPRegen 0.14/turn               (no ring)

@: hasted, glowing, very quick
A: horns 2, retaliatory headbutt
a: Renounce Religion


You were on level 4 of the Dungeon.
You worshipped the Shining One.
The Shining One was noncommittal.
You visited 1 branch of the dungeon, and saw 4 of its levels.

You collected 130 gold pieces.

Inventory:

Hand Weapons
 a - a +0 war axe
 q - a +2 hand axe of flaming (weapon)
Missiles
 g - 4 datura-tipped darts (quivered)
Armour
 b - a +0 scale mail (worn)
 c - a +0 buckler (worn)
 e - a +0 pair of gloves (worn)
 j - a +0 cloak (worn)
Magical Staves
 i - a staff of conjuration
 l - a staff of cold
Jewellery
 f - a ring of magical power (left hand)
Scrolls
 h - a scroll of amnesia
 n - 3 scrolls of immolation {unknown}
 p - a scroll of magic mapping
 w - a scroll of holy word
Potions
 k - 3 potions of brilliance
 t - 2 potions of heal wounds {unknown}
 u - a potion of attraction {unknown}
 v - a potion of curing {unknown}


   Skills:
 * Level 6.0 Fighting
 * Level 5.2 Axes
 + Level 4.9 Armour
 + Level 4.9 Shields


You had 5 spell levels left.
You didn't know any spells.
Your spell library contained the following spells:

 Spells                   Type           Power      Damage    Failure   Level
 Foxfire                  Conj/Fire      0%         2x1d4     80%         1
 Ensorcelled Hibernation  Hex/Ice        0%         N/A       91%         2
 Conjure Flame            Conj/Fire      0%         6-21      99%         3
 Inner Flame              Hex/Fire       0%         N/A       99%         3
 Tukima's Dance           Hex            0%         N/A       99%         3
 Flame Wave               Conj/Fire      0%         3d3       100%        4


Dungeon Overview and Level Annotations

Branches:
Dungeon (4/15)
 Temple: D:4-7

Altars:
Dithmenos
The Shining One

Shops:
D:4 **


Innate Abilities, Weirdness & Mutations

You have a pair of horns on your head.
You reflexively headbutt those who attack you in melee.


Message History

A shadow appears from thin air!
Reactivating autopickup.
You are starting to lose your buoyancy.
The shadow strikes at you from the darkness!
* * * LOW HITPOINT WARNING * * *
You hit the shadow. You burn the shadow.
The shadow is lightly damaged.
You slash the shadow! You burn the shadow.
The shadow is heavily damaged.
You block the shadow's attack.
You hit the shadow. You burn the shadow.
The shadow is severely damaged.
The shadow hits you.
You closely miss the shadow. Your headbutt misses the shadow.
The shadow is severely damaged.
You closely miss the shadow.
The shadow is severely damaged.
You miss something. You block the shadow's attack.
The shadow strikes at you from the darkness!
* * * LOW HITPOINT WARNING * * *
You hit the shadow. You burn the shadow. You headbutt the shadow.
The shadow is almost destroyed.
You closely miss the shadow. The shadow closely misses you.
The shadow hits you!
* * * LOW HITPOINT WARNING * * *
You closely miss the shadow.
The shadow is almost destroyed.
You hit the shadow but do no damage.
You float gracefully downwards.
You block the shadow's attack.
You closely miss the shadow.
The shadow is almost destroyed.
You hit the shadow but do no damage. The shadow closely misses you.
You hit the shadow. You burn the shadow.
You destroy the shadow!
That felt strangely unrewarding.
You completely miss the shadow.
The shadow slips into darkness.
The shadow flickers and vanishes!
Deactivating autopickup; reactivate with Ctrl-A.
The shadow hits you!
You die...

#...########.###.###.
#........#...........
#......#.#.#.###.###.
#.>#...#............. ###
#......#.#.###.##.##. #.#
.................... ##.#
.................###
...#############.....#...........
.........#...{{.@................
##.###.#.####.##W........#.#.....
.......#.# #.##.....###.#....###
##.###.#.# #W...................
#.....#.# #.##.#.#######.#..#.#
####..#.####.##..............#.#
#..#.#....##.#.#######....#.#
#..#.##.#.####.# ###.##.#
#..#.........#.# #.##..


You could see a shadow.

Vanquished Creatures
  A shadow (D:4)
  The ghost of BigDaddyOpFi the Slasher, an amateur PaFi (D:3)
  2 scorpions
  2 bullfrog skeletons (D:3)
  An orc wizard (D:4)
  An iguana (D:4)
  3 worms
  A dart slug (D:2)
  4 orcs (D:4)
  4 bats
  2 endoplasms
  5 giant cockroaches
  2 goblins (D:1)
  3 hobgoblins
  4 jackals (D:1)
  5 kobolds
  2 quokkas (D:1)
  3 ball pythons
  A frilled lizard (D:1)
  3 rats
50 creatures vanquished.

Vanquished Creatures (others)
  2 fungi (D:2)
  A plant (D:2)
3 creatures vanquished.

Grand Total: 53 creatures vanquished

Notes
Turn   | Place    | Note
-------+----------+-------------------------------------------
     0 | D:1      | nicknak712 the Minotaur Fighter began the quest for the
                  | Orb.
     0 | D:1      | Reached XP level 1. HP: 19/19 MP: 0/0
   133 | D:1      | Reached XP level 2. HP: 27/27 MP: 1/1
   155 | D:1      | Reached skill level 4 in Fighting
   570 | D:2      | Noticed a scorpion
   579 | D:2      | Killed a scorpion
   580 | D:2      | Reached XP level 3. HP: 18/34 MP: 2/2
   580 | D:2      | Reached XP level 4. HP: 22/41 MP: 3/3
  1279 | D:2      | Found a faded altar of an unknown god.
  1284 | D:2      | Prayed at the altar of an unknown god.
  1284 | D:2      | Became a worshipper of Dithmenos the Shadowed
  1284 | D:2      | Reached * piety under Dithmenos
  1654 | D:3      | Found a runed translucent gate.
  1654 | D:3      | Found a runed translucent gate.
  1655 | D:3      | Found a runed translucent gate.
  1656 | D:3      | Noticed BigDaddyOpFi's ghost (amateur PaFi)
  2029 | D:3      | Found a glowing golden altar of the Shining One.
  2035 | D:3      | Fell from the grace of Dithmenos
  2035 | D:3      | Became a worshipper of the Shining One
  2232 | D:3      | Killed BigDaddyOpFi's ghost
  2233 | D:3      | Reached skill level 5 in Fighting
  2233 | D:3      | Reached XP level 5. HP: 30/48 MP: 4/4
  2238 | D:3      | Reached XP level 6. HP: 33/56 MP: 5/5
  2516 | D:4      | Reached skill level 5 in Axes
  2522 | D:4      | Found Keokhin's General Store.
  2525 | D:4      | Found Fusky's Specific Store.
  3301 | D:4      | Reached skill level 6 in Fighting
  3460 | D:4      | Noticed a shadow
  3460 | D:4      | Noticed a shadow
  3460 | D:4      | Noticed a shadow
  3460 | D:4      | Noticed a shadow
  3517 | D:4      | Killed a shadow
  3517 | D:4      | Slain by a shadow

Illustrated notes

Levels and vault maps discovered:
D:1:      dpeg_arrival_rooms_c, layout_rooms
D:2:      layout_loops_ring, shapermc_ecumenical_altar_petra
D:3:      layout_loops_ring, nicolae_tso_swordbearing_angel,
          gammafunk_ghost_necromancy, serial_co_window_serial,
          co_window_cross_1, co_window_corner_a, co_window_paths_b,
          co_window_of_opportunity_a, co_window_corner_a,
          co_window_of_opportunity_a, co_window_paths_a, co_window_paths_c,
          co_window_broadway_c
D:4:      layout_basic, portal_sewer_entry_f, nicolae_specific_store

Skill      XL: |  1  2  3  4  5  6 |
---------------+-------------------+-----
Fighting       | 4 5 6 |  6.0
Axes           | 3 4 5 |  5.2
Armour         | 4 |  4.9
Shields        | 4 |  4.9

Action                   |  1- 3 |  4- 6 || total
-------------------------+-------+-------++-------
Melee: War axe           |    46 |     9 ||    55
       Headbutt          |     8 |    18 ||    26
       Hand axe          |       |   100 ||   100
  Use: Potion            |       |     5 ||     5
       Scroll            |       |     4 ||     4
Armor: Scale mail        |    34 |    28 ||    62
       Skin              |       |     4 ||     4
Dodge: Dodged            |    18 |    46 ||    64
Block: Buckler           |    10 |    24 ||    34

Table legend: (Time is in decaauts)
 A = Elapsed time spent in this place.
 B = Non-inter-level travel time spent in this place.
 C = Inter-level travel time spent in this place.
 D = Time resting spent in this place.
 E = Time spent auto-exploring this place.
 F = Levels seen in this place.
 G = Mean time per level.
                   A        B        C        D        E       F      G
               +--------+--------+--------+--------+--------+-----+--------+
         Total |   3531 |   3428 |    103 |    611 |   2208 |   4 |  882.8 |
       Dungeon |   3531 |   3428 |    103 |    611 |   2208 |   4 |  882.8 |
               +--------+--------+--------+--------+--------+-----+--------+

Top non-repeatable levels by time:
     D:3: 1125 daAuts
     D:4: 1055 daAuts
     D:2: 823 daAuts
     D:1: 527 daAuts
